Map: Bel'Shir Vestige LE (Void)

Players

MCanning

  • Race: Protoss Protoss
  • Spawn Location: 5:00

uThermal - Winner!

  • Race: Terran Terran
  • Spawn Location: 11:00

Event: WCS Austin 2017

VOD

Have the link to the VOD?

Description

Time

  • Played on: April 28, 2017, 3:24 p.m.
  • Length: 8:16

All games in this series

Show
View Real Time Build Order
Export as new Build Order

MCanning Protoss 

Build Orders: 1 Gate Expand 

Get SALT Encoding   

  12  0:00  Probe (Chrono Boost)  
  13  0:11  Probe (Chrono Boost)  
  14  0:18  Pylon  
  14  0:22  Probe (Chrono Boost)  
  15  0:36  Probe (Chrono Boost), Gateway  
  16  0:47  Probe (Chrono Boost)  
  16  0:48  Assimilator  
  17  0:57  Probe (Chrono Boost)  
  18  1:08  Probe (Chrono Boost)  
  19  1:19  Nexus  
  19  1:28  Cybernetics Core  
  19  1:31  Probe (Chrono Boost)  
  20  1:37  Assimilator  
  20  1:42  Probe (Chrono Boost)  
  21  1:52  Probe (Chrono Boost)  
  22  1:54  Pylon  
  22  2:03  Probe (Chrono Boost)  
  23  2:12  Adept  
  23  2:14  Mothership Core (Chrono Boost)  
  27  2:16  Warp Gate  
  27  2:17  Pylon  
  27  2:32  Probe (Chrono Boost)  
  27  2:36  Twilight Council  
  28  2:38  Probe (Chrono Boost)  
  28  2:43  Probe (Chrono Boost)  
  30  2:48  Probe (Chrono Boost)  
  31  2:53  Probe (Chrono Boost)  
  32  3:01  Probe (Chrono Boost)  
  32  3:03  Robotics Facility  
  33  3:06  Probe (Chrono Boost)  
  34  3:13  Probe (Chrono Boost)  
  36  3:20  Probe (Chrono Boost)  
  36  3:24  Probe (Chrono Boost)  
  36  3:30  Probe (Chrono Boost)  
  36  3:32  Gateway  
  36  3:33  Gateway  
  34  3:34  Probe (Chrono Boost)  
  34  3:40  Adept  
  32  3:42  Probe (Chrono Boost)  
  32  3:46  Probe (Chrono Boost)  
  34  3:53  Probe (Chrono Boost)  
  33  3:56  Observer  
  33  4:00  Probe (Chrono Boost)  
  35  4:04  Probe (Chrono Boost)  
  35  4:10  Probe (Chrono Boost)  
  35  4:15  Probe (Chrono Boost)  
  37  4:17  Observer, Blink  
  37  4:20  Pylon  
  37  4:21  Probe (Chrono Boost)  
  39  4:27  Probe (Chrono Boost)  
  40  4:31  Probe (Chrono Boost)  
  40  4:39  Probe (Chrono Boost)  
  40  4:41  Stalker  
  40  4:42  Probe (Chrono Boost)  
  43  4:51  Probe (Chrono Boost)  
  45  4:53  Probe (Chrono Boost)  
  45  5:02  Probe (Chrono Boost)  
  45  5:03  Probe (Chrono Boost)  
  45  5:04  Robotics Bay  
  47  5:12  Probe (Chrono Boost)  
  47  5:14  Probe (Chrono Boost)  
  49  5:15  Pylon  
  49  5:17  Stalker  
  44  5:23  Probe (Chrono Boost)  
  44  5:24  Probe (Chrono Boost)  
  46  5:33  Probe (Chrono Boost)  
  46  5:35  Probe (Chrono Boost)  
  48  5:42  Forge  
  48  5:44  Probe (Chrono Boost)  
  48  5:45  Probe (Chrono Boost)  
  48  5:48  Disruptor  
  50  5:50  Sentry  
  50  5:56  Probe x2 (Chrono Boost)  
  57  6:00  Protoss Ground Weapons Level 1  
  57  6:03  Gateway  
  57  6:05  Gateway  
  57  6:07  Assimilator  
  57  6:08  Assimilator, Probe (Chrono Boost)  
  57  6:10  Probe (Chrono Boost)  
  59  6:16  Pylon  
  60  6:20  Probe (Chrono Boost)  
  60  6:22  Probe (Chrono Boost)  
  60  6:24  Pylon  
  61  6:32  Probe (Chrono Boost)  
  62  6:34  Stalker  
  62  6:35  Stalker x2  
  67  6:40  Probe (Chrono Boost)  
  67  6:42  Pylon  
  67  6:44  Disruptor  
  69  7:00  Adept x3  
  73  7:03  Probe (Chrono Boost), Pylon  
  73  7:04  Adept  
  73  7:05  Adept  
  76  7:15  Disruptor  
  68  7:22  Adept x3  
  73  7:28  Adept x2  
  79  7:37  Mothership Core (Chrono Boost)  
  79  7:41  Probe (Chrono Boost)  
  76  7:44  Adept x3  
  76  7:50  Adept x2  
  72  8:05  Stalker x3  
  58  8:10  Adept x2  
Show
View Real Time Build Order
Export as new Build Order

uThermal Terran - Winner!

Build Orders: Reaper Expand, MMM Bio 

Get SALT Encoding   

  12  0:01  SCV  
  13  0:13  SCV  
  14  0:17  Supply Depot  
  14  0:25  SCV  
  14  0:27  Refinery  
  15  0:38  SCV  
  16  0:45  Barracks  
  16  0:50  SCV  
  17  1:03  SCV  
  18  1:15  SCV  
  19  1:32  Reaper, Orbital Command  
  20  1:41  Command Center  
  20  1:52  Factory  
  20  1:57  SCV  
  21  2:05  Barracks Reactor  
  21  2:09  SCV  
  21  2:13  Supply Depot  
  21  2:14  Refinery  
  22  2:22  SCV  
  23  2:35  SCV  
  24  2:41  Starport  
  24  2:45  Hellion x2  
  24  2:47  SCV  
  29  2:55  Orbital Command  
  29  2:59  SCV  
  30  3:11  Widow Mine x2, SCV  
  35  3:20  Medivac  
  35  3:21  SCV  
  35  3:23  SCV  
  39  3:34  SCV  
  40  3:35  SCV  
  40  3:41  Barracks Tech Lab  
  41  3:42  Supply Depot  
  41  3:46  Widow Mine x2, SCV  
  41  3:48  SCV  
  46  3:50  Barracks  
  46  4:00  Supply Depot  
  46  4:01  Stimpack  
  46  4:03  Medivac, Marine  
  46  4:04  SCV  
  50  4:16  Barracks  
  50  4:17  SCV x2  
  50  4:22  Supply Depot  
  52  4:25  Factory Tech Lab  
  52  4:29  SCV x2  
  54  4:41  SCV x2  
  54  4:43  Starport Tech Lab  
  54  4:44  Refinery, Engineering Bay  
  56  4:47  Marine  
  53  4:53  SCV  
  53  4:54  Siege Tank  
  53  4:55  SCV  
  53  4:57  Supply Depot  
  58  5:04  Marine  
  58  5:05  Supply Depot, SCV  
  60  5:07  SCV  
  60  5:13  Marine  
  60  5:16  Missile Turret, Marine x2  
  60  5:17  Missile Turret, SCV  
  60  5:18  Bunker  
  60  5:19  SCV  
  64  5:21  Combat Shields  
  64  5:22  Marine  
  64  5:26  Refinery, Starport Reactor  
  65  5:30  Siege Tank, SCV  
  65  5:31  Marine  
  65  5:34  Marine x2  
  70  5:37  SCV  
  70  5:40  Marine  
  70  5:42  Supply Depot, SCV  
  73  5:43  Terran Infantry Weapons Level 1  
  73  5:51  Marine x2  
  73  5:52  Marauder  
  73  5:54  Supply Depot  
  77  6:00  Marauder  
  77  6:02  Siege Tank  
  77  6:03  Medivac  
  84  6:06  Supply Depot  
  84  6:09  Marine  
  85  6:14  Medivac  
  85  6:16  Marine x2  
  89  6:25  SCV  
  90  6:30  Marine  
  90  6:31  Marauder  
  93  6:34  Command Center, Marine  
  93  6:35  Marauder, Concussive Shells  
  93  6:38  Supply Depot  
  96  6:40  Siege Tank  
  96  6:44  Liberator  
  99  6:48  Supply Depot, Liberator, Marine  
  99  6:52  Marauder, Marine  
  101  6:57  Marauder  
  106  7:06  Marine  
  107  7:10  Marine  
  107  7:13  Marine  
  104  7:18  Marine  
  102  7:23  Barracks  
  102  7:24  Barracks, Marine  
  101  7:31  Marine  
  101  7:32  Marauder  
  101  7:34  SCV  
  101  7:35  SCV  
  101  7:36  Marine  
  104  7:39  Siege Tank  
  106  7:50  Marine  
  111  7:53  Marauder, Marine  
  108  8:12  Barracks Reactor, Barracks Tech Lab  
Tags
 
Add a new tag
Caveats
  • Supply blocks, unpowered buildings, or Contaminate may cause inaccurate times.
  • Supply counts are checked every 10 seconds.